 Dungeon Crawl Stone Soup version 0.24.1-8-ga250c9d538 (webtiles) character file.

Game seed: 5920793000356263286, levelgen mode: deterministic

184 Peloso the Shield-Bearer (level 5, -2/42 HPs)
             Began as a Merfolk Fighter on Apr 29, 2020.
             Killed from afar by an orc wizard (5 damage)
             ... with a puff of frost
             ... on level 3 of the Dungeon.
             The game lasted 00:04:18 (2109 turns).

Peloso the Shield-Bearer (Merfolk Fighter)          Turns: 2109, Time: 00:04:19

Health: -2/42      AC:  9    Str: 17    XL:     5   Next: 63%
Magic:  5/5        EV: 10    Int:  8    God:
Gold:   161        SH: 10    Dex: 18    Spells: 4/4 levels left

rFire    . . .     SeeInvis .   a - +0 long sword
rCold    . . .     Gourm    .   c - +0 shield
rNeg     . . .     Faith    .   o - +0 chain mail (curse)
rPois    .         Spirit   .   (no helmet)
rElec    .         Reflect  .   (no cloak)
rCorr    .         Harm     .   (no gloves)
MR       .....                  (no boots)
Stlth    ..........             l - amulet of regeneration
HPRegen  0.54/turn              e - ring of flight
MPRegen  0.09/turn              (no ring)

@: agile, flying
A: change form in water, swift swim, stealthy swim
a: no special abilities


You were on level 3 of the Dungeon.
You were not hungry.

You visited 1 branch of the dungeon, and saw 3 of its levels.

You collected 161 gold pieces.

Inventory:

Hand Weapons
 a - a +0 long sword (weapon)
Armour
 b - a +0 scale mail
 c - a +0 shield (worn)
 o - a cursed +0 chain mail (worn)
Jewellery
 e - a ring of flight (left hand)
 l - an amulet of regeneration (around neck)
 p - an uncursed ring of fire {unknown}
Scrolls
 j - 5 scrolls of identify {unknown}
 k - 2 scrolls of immolation {unknown}
 m - a scroll of amnesia {unknown}
Potions
 d - a potion of might
 h - 2 potions of curing
 i - a potion of haste
Comestibles
 f - 5 rations


   Skills:
 + Level 3.7 Fighting
 + Level 3.5 Long Blades
 + Level 3.0 Armour
 + Level 1.0 Dodging
 + Level 0.2 Stealth
 + Level 4.3 Shields


You had 4 spell levels left.
You didn't know any spells.
Your spell library was empty.

Dungeon Overview and Level Annotations

Branches:
Dungeon (3/15)

Altars:
Gozag
Kikubaaqudgha
Ru
Sif Muna
Uskayaw
Wu Jian


Message History

The bat hits you but does no damage.
Your shield and chain mail prevent you from hitting the bat.
The bat closely misses you.
You riposte.
You slash the bat!
You kill the bat!
The orc wizard hits you but does no damage.
You are electrocuted!
* * * LOW HITPOINT WARNING * * *
Your chain mail prevents you from hitting the orc wizard.
The orc wizard is moderately wounded.
The orc wizard hits you but does no damage.
The orc wizard barely misses you.
You riposte.
You hit the orc wizard.
The orc wizard is heavily wounded.
You closely miss the orc wizard.
The orc wizard is heavily wounded.
The orc wizard closely misses you. You block the orc wizard's attack.
You slash the orc wizard!
The orc wizard is almost dead.
The orc wizard casts a spell at you. The puff of frost hits you.
You die...

#. .##. #..#.##
#.#.#........... ..
.....##.. ..... .
#.#..##.###..# #.
#.#..#.?.##..#
#.##.#......o...#
####..#.##.#..†##.##
...#..#.##.##.##...###.
.
..........†.†.@o%......#
.
........##?.####...###.#
. #####....#### .#.## #
#<.##...##.># #.#.# #
#...#...#...# #.... #
##..#...#..# #.....
######.....######. ..##
................
##......♣......


You could see an orc wizard.

Vanquished Creatures
  An orc wizard (D:3)
  Jessica (D:2)
  4 gnolls (D:2)
  2 adders (D:2)
  An ooze (D:3)
  A dart slug (D:1)
  11 orcs (D:3)
  2 giant cockroaches (D:3)
  5 goblins
  6 hobgoblins (D:3)
  4 jackals (D:1)
  7 kobolds
  A ball python (D:1)
  5 bats
  3 frilled lizards (D:2)
  3 rats
57 creatures vanquished.

Notes
Turn   | Place    | Note
-------+----------+-------------------------------------------
     0 | D:1      | Peloso the Merfolk Fighter began the quest for the Orb.
     0 | D:1      | Reached XP level 1. HP: 18/18 MP: 1/1
   252 | D:1      | Reached XP level 2. HP: 20/24 MP: 2/2
   637 | D:2      | Reached XP level 3. HP: 21/29 MP: 3/3
   784 | D:2      | Noticed Jessica
   802 | D:2      | Killed Jessica
   802 | D:2      | Reached XP level 4. HP: 17/37 MP: 4/4
   807 | D:2      | Found a sacrificial altar of Ru.
  1073 | D:2      | Reached skill level 1 in Dodging
  1541 | D:3      | Reached XP level 5. HP: 16/42 MP: 5/5
  1554 | D:3      | Reached skill level 4 in Shields
  1829 | D:3      | Found a shimmering blue altar of Sif Muna.
  1829 | D:3      | Found an opulent altar of Gozag.
  1847 | D:3      | Found a hide-covered altar of Uskayaw.
  1849 | D:3      | Found an ancient bone altar of Kikubaaqudgha.
  1851 | D:3      | Found an ornate altar of the Wu Jian Council.
  2087 | D:3      | HP: 1/42 [orc wizard/puff of frost (5)]
  2099 | D:3      | HP: 1/42 [orc wizard/+0 dagger of electrocution (10)]
  2106 | D:3      | HP: 1/42 [orc wizard/+0 dagger of electrocution (9)]
  2109 | D:3      | Killed from afar by an orc wizard

Levels and vault maps discovered:
D:1:      giann_forest_graveyard, layout_loops_ring, chequers_garden
D:2:      layout_basic, nicolae_ru_sacrificial_ziggurat, grunt_ministairs_13,
          uniq_jessica
D:3:      layout_loops_ring, lemuel_coloured_pillars_altar,
          chequers_temple_overflow_minitemple, grunt_ministairs_6

Skill      XL: |  1  2  3  4  5 |
---------------+----------------+-----
Long Blades    | 3 |  3.5
Dodging        | 1 |  1.0
Shields        | 4 |  4.3
Armour         | 3 |  3.0
Fighting       | |  3.7
Stealth        | |  0.2

Action                   |  1- 3 |  4- 6 || total
-------------------------+-------+-------++-------
Melee: Long sword        |    86 |   167 ||   253
  Use: Potion            |       |     7 ||     7
  Eat: Chunk             |       |     4 ||     4
Armor: Scale mail        |    46 |     5 ||    51
       Chain mail        |       |    88 ||    88
Dodge: Dodged            |    24 |    57 ||    81
Block: Shield            |    54 |   130 ||   184
       Rpst.: Long sword |     8 |    14 ||    22
